 Dungeon Crawl Stone Soup version 0.21.1-1-g345015fe64 (webtiles) character file.

935 Nordon the Magician (level 8, 57/57 HPs)
             Began as a Gnoll Wizard on May 15, 2018.
             Quit the game on level 4 of the Dungeon.
             The game lasted 00:17:23 (5598 turns).

Nordon the Magician (Gnoll Wizard)                  Turns: 5598, Time: 00:17:23

Health: 57/57      AC:  7    Str: 13    XL:     8   Next: 11%
Magic:  19/19      EV: 11    Int: 23    God:
Gold:   274        SH:  0    Dex: 14    Spells: 11/22 levels left

rFire    . . .     SeeInvis .   p - +3 scythe (venom)
rCold    . . .     Gourm    .   (shield currently unavailable)
rNeg     . . .     Faith    .   w - +1 scale mail "Xoofux" {MR+ Str+4}
rPois    .         Spirit   .   b - +0 hat
rElec    .         Reflect  .   n - scarf {repulsion}
rCorr    .         Harm     .   (no gloves)
MR       +....                  (no boots)
Stlth    ++........             (no amulet)
HPRegen  0.19/turn              (no ring)
MPRegen  0.16/turn              (no ring)

@: repel missiles
A: distributed training, fangs 1, strong nose
a: no special abilities


You were on level 4 of the Dungeon.
You were hungry.

You visited 1 branch of the dungeon, and saw 5 of its levels.

You collected 274 gold pieces.


Innate Abilities, Weirdness & Mutations

Your experience applies equally to all skills.
You have very sharp teeth.
Your uncanny sense of smell can sniff out nearby items.


   Skills:
 + Level 2.9 Fighting
 + Level 2.9 Short Blades
 + Level 2.9 Long Blades
 + Level 2.9 Axes
 + Level 2.9 Maces & Flails
 + Level 2.9 Polearms
 + Level 2.9 Staves
 + Level 2.9 Slings
 + Level 2.9 Bows
 + Level 2.9 Crossbows
 + Level 2.9 Throwing
 + Level 2.9 Armour
 + Level 5.4 Dodging
 + Level 5.1 Stealth
 + Level 2.9 Shields
 + Level 2.9 Unarmed Combat
 + Level 7.8 Spellcasting
 + Level 3.2 Conjurations
 + Level 2.3 Hexes
 + Level 2.3 Charms
 + Level 3.2 Summonings
 + Level 2.3 Necromancy
 + Level 3.2 Translocations
 + Level 2.3 Transmutations
 + Level 2.3 Fire Magic
 + Level 2.3 Ice Magic
 + Level 2.3 Air Magic
 + Level 2.3 Earth Magic
 + Level 2.3 Poison Magic
 + Level 3.2 Invocations
 + Level 2.9 Evocations


You had 11 spell levels left.
You knew the following spells:

 Your Spells              Type           Power        Failure   Level  Hunger
c - Call Imp              Summ           ###.....     13%         2    None
f - Conjure Flame         Conj/Fire      ###.....     30%         3    None
m - Mephitic Cloud        Conj/Pois/Air  ###.....     32%         3    None
z - Magic Dart            Conj           ###.         9%          1    None
I - Blink                 Tloc           N/A          13%         2    None

Inventory:

Hand Weapons
 j - a +1 short sword
 m - a +2 dagger of speed
 o - a +0 hunting sling
 p - a +3 scythe of venom (weapon)
Missiles
 k - 117 stones (quivered)
Armour
 a - a +0 robe
 b - a +0 hat (worn)
 n - a scarf of repulsion (worn)
 w - the +1 scale mail "Xoofux" (worn) {MR+ Str+4}
   (You found it on level 4 of the Dungeon)

   It affects your strength (+4).
   It affects your resistance to hostile enchantments.
Wands
 x - a wand of enslavement (12)
Scrolls
 e - 7 scrolls of identify {@r1}
 g - a scroll of fog
 r - a scroll of immolation {unknown}
 t - a scroll of teleportation {unknown}
 u - a scroll of random uselessness {unknown}
Potions
 f - 3 potions of curing {@q1}
 h - a potion of degeneration {unknown}
 l - a potion of lignification {unknown}
 q - a potion of berserk rage {unknown}
 s - a potion of haste {unknown}
 v - a potion of mutation {unknown}
 z - 2 potions of invisibility {unknown}
Books
 c - a book of Minor Magic

   Spells                             Type                      Level
   a - Magic Dart                     Conjuration                  1
   b - Blink                          Translocation                2
   c - Call Imp                       Summoning                    2
   d - Slow                           Hexes                        2
   e - Conjure Flame                  Conjuration/Fire             3
   f - Mephitic Cloud                 Conjuration/Poison/Air       3
Comestibles
 d - 8 rations {@e1}

Dungeon Overview and Level Annotations

Branches:
Dungeon (5/15)
 Temple: D:4-7

Altars:
Fedhas
Makhleb

.#.....##.#####....###..#...#..##
.#.###.##.........##.#..#...#..#.
.#.# #........#...'.)#..#...#..#.
...###.#########..##.#..#...#..#.
##.....# #...###[.#...#.)##
###...## #.#...####...####. #
#...# #........##'##.... ###...#
#####...#....÷...## ......#
#.@÷....########.## ###.>##
#.###...# #... #..# #######.#
#>.## #### #..# #.......# #..#
#..# #.#####.# #<.# #..# #.# #.#
#..# #..####.## #.#
#..########### #........#
#.###............#
##.####..####.##...#########.##


There were no monsters in sight!


Message History

Press: ? - help, Dir - move target cursor, f - you That would be overly suicidal.
Okay, then.
Attack whom?
Press: ? - help, Dir - move target cursor, f - you That would be overly suicidal.
Okay, then.
Attack whom?
Press: ? - help, Dir - move target cursor, f - you That would be overly suicidal.
Okay, then.
Unknown command.
You start resting.
You feel sick. x2
You are no longer poisoned.
You are near starving!
You start resting.
HP restored.
You see here a jackal corpse.
You butcher the jackal corpse.
i - a chunk of flesh You see here a jackal skeleton.
Eating a chunk of flesh.
You eat the chunk of flesh.
This raw flesh tastes terrible.
You are feeling hungry.
Okay, then.
Saving game... please wait.
Welcome back, Nordon the Gnoll Wizard.
Press ? for a list of commands and other information.
Are you sure you want to abandon this character and quit the game? (Confirm with "yes".)

Skill      XL: |  1  2  3  4  5  6  7 |
---------------+----------------------+-----
Conjurations   | 2 3 |  3.2
Summonings     | 2 3 |  3.2
Translocations | 2 3 |  3.2
Invocations    | 1 2 3 |  3.2
Fighting       | 1 2 |  2.9
Short Blades   | 1 2 |  2.9
Long Blades    | 1 2 |  2.9
Axes           | 1 2 |  2.9
Maces & Flails | 1 2 |  2.9
Polearms       | 1 2 |  2.9
Staves         | 1 2 |  2.9
Slings         | 1 2 |  2.9
Bows           | 1 2 |  2.9
Crossbows      | 1 2 |  2.9
Throwing       | 1 2 |  2.9
Armour         | 1 2 |  2.9
Shields        | 1 2 |  2.9
Unarmed Combat | 1 2 |  2.9
Evocations     | 1 2 |  2.9
Hexes          | 1 2 |  2.3
Charms         | 1 2 |  2.3
Necromancy     | 1 2 |  2.3
Transmutations | 1 2 |  2.3
Fire Magic     | 1 2 |  2.3
Ice Magic      | 1 2 |  2.3
Air Magic      | 1 2 |  2.3
Earth Magic    | 1 2 |  2.3
Poison Magic   | 1 2 |  2.3
Dodging        | 5 |  5.4
Stealth        | 5 |  5.1
Spellcasting   | |  7.8

Action                   |  1- 3 |  4- 6 |  7- 9 || total
-------------------------+-------+-------+-------++-------
Melee: Unarmed           |     5 |       |       ||     5
       Bite              |     1 |     3 |     6 ||    10
       Short sword       |     9 |     5 |       ||    14
       Dagger            |       |    17 |       ||    17
       Punch             |       |     1 |       ||     1
       Scythe            |       |    14 |    91 ||   105
 Fire: Hunting sling     |       |    47 |       ||    47
Throw: Stone             |       |       |     2 ||     2
 Cast: Magic Dart        |    73 |   106 |    12 ||   191
       Mephitic Cloud    |     1 |    12 |       ||    13
       Call Imp          |     1 |     2 |       ||     3
       Blink             |       |     2 |     1 ||     3
       Conjure Flame     |       |     3 |     6 ||     9
Evoke: Wand              |       |       |     1 ||     1
  Use: Scroll            |     5 |     1 |       ||     6
       Potion            |       |     1 |     1 ||     2
 Stab: Sleeping          |       |       |     1 ||     1
  Eat: Chunk             |     1 |     3 |     3 ||     7
       Ration            |       |     2 |       ||     2
Armor: Robe              |     6 |     7 |     2 ||    15
       Scale mail        |       |       |    33 ||    33
Dodge: Dodged            |    12 |    65 |    68 ||   145
       Deflected         |       |     1 |       ||     1

Vault maps used:
D:1:      ldierk_water_garden
D:2:      fedhas_altar_4
D:3:      old_standard_altar, uniq_sigmund, uniq_jessica, uniq_robin
D:4:      minmay_misc_feat_enclosed, minmay_divided_ellipse
D:5:      gammafunk_temple_overflow_forgotten, grunt_qazlal_sundering,
          first_ration, serial_glass, glass_columns_a, glass_columns_b,
          feat_on_display, item_on_display_a, feat_on_display,
          nemelex_spade_bored_becter

Notes
Turn   | Place    | Note
-------+----------+-------------------------------------------
     0 | D:1      | Nordon the Gnoll Wizard began the quest for the Orb.
     0 | D:1      | Reached XP level 1. HP: 13/13 MP: 8/8
   132 | D:1      | Reached skill level 2 in Conjurations
   132 | D:1      | Reached skill level 2 in Summonings
   132 | D:1      | Reached skill level 2 in Translocations
   132 | D:1      | Reached XP level 2. HP: 19/19 MP: 6/10
   136 | D:1      | Learned a level 2 spell: Blink
   139 | D:1      | Learned a level 2 spell: Call Imp
   558 | D:1      | Reached XP level 3. HP: 25/25 MP: 9/11
   563 | D:1      | Learned a level 3 spell: Conjure Flame
   567 | D:1      | Learned a level 3 spell: Mephitic Cloud
  1088 | D:2      | Reached skill level 1 in Invocations
  1240 | D:2      | Found a blossoming altar of Fedhas.
  1336 | D:2      | Reached skill level 1 in Fighting
  1336 | D:2      | Reached skill level 1 in Short Blades
  1336 | D:2      | Reached skill level 1 in Long Blades
  1336 | D:2      | Reached skill level 1 in Axes
  1336 | D:2      | Reached skill level 1 in Maces & Flails
  1336 | D:2      | Reached skill level 1 in Polearms
  1336 | D:2      | Reached skill level 1 in Staves
  1336 | D:2      | Reached skill level 1 in Slings
  1336 | D:2      | Reached skill level 1 in Bows
  1336 | D:2      | Reached skill level 1 in Crossbows
  1336 | D:2      | Reached skill level 1 in Throwing
  1336 | D:2      | Reached skill level 1 in Armour
  1336 | D:2      | Reached skill level 1 in Shields
  1336 | D:2      | Reached skill level 1 in Unarmed Combat
  1336 | D:2      | Reached skill level 1 in Evocations
  1336 | D:2      | Reached XP level 4. HP: 25/32 MP: 1/13
  2193 | D:3      | Noticed Jessica
  2201 | D:3      | Killed Jessica
  2201 | D:3      | Reached skill level 1 in Hexes
  2201 | D:3      | Reached skill level 1 in Charms
  2201 | D:3      | Reached skill level 1 in Necromancy
  2201 | D:3      | Reached skill level 1 in Transmutations
  2201 | D:3      | Reached skill level 1 in Fire Magic
  2201 | D:3      | Reached skill level 1 in Ice Magic
  2201 | D:3      | Reached skill level 1 in Air Magic
  2201 | D:3      | Reached skill level 1 in Earth Magic
  2201 | D:3      | Reached skill level 1 in Poison Magic
  2323 | D:3      | Reached XP level 5. HP: 37/37 MP: 4/14
  2555 | D:3      | Found a burning altar of Makhleb.
  2676 | D:3      | Noticed Sigmund
  3150 | D:3      | Noticed Robin
  3186 | D:3      | Killed Robin
  4011 | D:3      | Killed Sigmund
  4011 | D:3      | Reached skill level 2 in Fighting
  4011 | D:3      | Reached skill level 2 in Short Blades
  4011 | D:3      | Reached skill level 2 in Long Blades
  4011 | D:3      | Reached skill level 2 in Axes
  4011 | D:3      | Reached skill level 2 in Maces & Flails
  4011 | D:3      | Reached skill level 2 in Polearms
  4011 | D:3      | Reached skill level 2 in Staves
  4011 | D:3      | Reached skill level 2 in Slings
  4011 | D:3      | Reached skill level 2 in Bows
  4011 | D:3      | Reached skill level 2 in Crossbows
  4011 | D:3      | Reached skill level 2 in Throwing
  4011 | D:3      | Reached skill level 2 in Armour
  4011 | D:3      | Reached skill level 5 in Dodging
  4011 | D:3      | Reached skill level 2 in Shields
  4011 | D:3      | Reached skill level 2 in Unarmed Combat
  4011 | D:3      | Reached skill level 2 in Invocations
  4011 | D:3      | Reached skill level 2 in Evocations
  4011 | D:3      | Reached XP level 6. HP: 44/44 MP: 4/16
  4224 | D:4      | Reached XP level 7. HP: 50/50 MP: 10/18
  4508 | D:4      | Reached skill level 2 in Hexes
  4508 | D:4      | Reached skill level 2 in Charms
  4508 | D:4      | Reached skill level 2 in Necromancy
  4508 | D:4      | Reached skill level 2 in Transmutations
  4508 | D:4      | Reached skill level 2 in Fire Magic
  4508 | D:4      | Reached skill level 2 in Ice Magic
  4508 | D:4      | Reached skill level 2 in Air Magic
  4508 | D:4      | Reached skill level 2 in Earth Magic
  4508 | D:4      | Reached skill level 2 in Poison Magic
  4919 | D:4      | Reached skill level 3 in Conjurations
  4919 | D:4      | Reached skill level 3 in Summonings
  4919 | D:4      | Reached skill level 3 in Translocations
  5021 | D:4      | Reached skill level 5 in Stealth
  5241 | D:4      | Got a distressingly furry scale mail
  5252 | D:4      | Identified the +1 scale mail "Xoofux" {MR+ Str+4} (You found it on level 4 of the Dungeon)
  5282 | D:4      | Reached skill level 3 in Invocations
  5338 | D:5      | Entered Level 5 of the Dungeon
  5392 | D:5      | Reached XP level 8. HP: 31/57 MP: 19/19
  5598 | D:4      | Quit the game

Vanquished Creatures
  Sigmund (D:3)
  A sky beast (D:4)
  2 ogres
  A howler monkey (D:4)
  A centaur skeleton (D:4)
  2 hounds (D:4)
  A bullfrog skeleton (D:4)
  Jessica (D:3)
  An iguana (D:4)
  3 worker ants (D:4)
  Robin (D:3)
  4 gnolls
  6 adders
  A shadow imp (D:5)
  An ooze (D:3)
  2 adder skeletons (D:4)
  2 dart slugs
  A worm (D:4)
  5 leopard geckos
  4 orcs
  9 bats
  3 giant cockroaches
  13 goblins
  8 hobgoblins
  7 jackals
  3 quokkas (D:4)
  A ball python (D:4)
  12 frilled lizards
  14 kobolds
  8 rats
  A toadstool (D:1)
120 creatures vanquished.

Vanquished Creatures (collateral kills)
  An adder (D:2)
1 creature vanquished.

Vanquished Creatures (others)
  3 toadstools (D:1)
3 creatures vanquished.

Grand Total: 124 creatures vanquished

Table legend:
 A = Turns spent in this place as a percentage of turns spent in the entire game.
 B = Non-inter-level travel turns spent in this place as a percentage of non-inter-level travel turns spent in the entire game.
 C = Inter-level travel turns spent in this place as a percentage of turns spent in this place.
 D = Turns resting spent in this place as a percentage of non-inter-level travel turns spent in this place.
 E = Turns spent auto-exploring this place as a percentage of non-inter-level travel turns spent in this place.
 F = Non-inter-level travel turns spent in this place divided by the number of levels of this place that you've seen.
                   A       B       C       D       E      F
               +-------+-------+-------+-------+-------+----------------------
         Total | 100.0 | 100.0 |   3.3 |  38.3 |  46.4 | 1083.2
       Dungeon | 100.0 | 100.0 |   3.3 |  38.3 |  46.4 | 1083.2
               +-------+-------+-------+-------+-------+----------------------

Table legend:
 A = Spawn XP
 B = Non-spawn XP
 C = Spawn XP percentage of total XP
 D = Spawn monster count
 E = Non-spawn monster count
 F = Spawn count percentage of total count
 G = Total turns spent on level
                    A         B        C        D         E        F      G
               +---------+---------+-------+---------+---------+-------+---------
         Total |       0 |    1336 |   0.0 |       0 |     120 |   0.0 |  5598
               +---------+---------+-------+---------+---------+-------+---------
           D:1 |       0 |      53 |   0.0 |       0 |      30 |   0.0 |  1012
           D:2 |       0 |      71 |   0.0 |       0 |      23 |   0.0 |  1600
           D:3 |       0 |     396 |   0.0 |       0 |      36 |   0.0 |  1502
           D:4 |       0 |     682 |   0.0 |       0 |      28 |   0.0 |  1397
           D:5 |       0 |     134 |   0.0 |       0 |       3 |   0.0 |    87
               +---------+---------+-------+---------+---------+-------+---------
